 Dungeon Crawl Stone Soup version 0.20.0-15-g7f486f2 (webtiles) character file.

1381 polve the Carver (level 8, -9/42 HPs)
             Began as a Vine Stalker Fighter on June 29, 2017.
             Was a Priest of Uskayaw.
             Mangled by an orc warrior
             ... wielding a +0 dire flail
              (13 damage)
             ... on level 7 of the Dungeon.
             The game lasted 00:08:08 (5584 turns).

polve the Carver (Vine Stalker Fighter)             Turns: 5584, Time: 00:08:08

Health: -9/42      AC: 11    Str: 21    XL:     8   Next: 67%
Magic:  0/9        EV:  5    Int:  8    God:    Uskayaw [***...]
Gold:   326        SH: 10    Dex: 16    Spells: 7/7 levels left

rFire    . . .     SeeInvis .   a - +0 long sword
rCold    . . .     Gourm    .   g - +0 shield
rNeg     + . .     Faith    .   B - +0 chain mail
rPois    .         Spirit   +   v - +0 helmet
rElec    .         Reflect  .   (no cloak)
rCorr    .         Harm     .   y - +0 pair of gloves
MR       +....                  (no boots)
Stlth    ..........             (no amulet)
Regen    0.6/turn               q - +2 ring of strength
MPRegen  0.2/turn               l - ring of positive energy

@: no status effects
A: fangs 3, regeneration 1, magic shield, antimagic bite, no potion heal 3, rot
immunity
a: Stomp, Line Pass, Renounce Religion


You were on level 7 of the Dungeon.
You worshipped Uskayaw.
Uskayaw was noncommittal.
You were not hungry.

You visited 2 branches of the dungeon, and saw 8 of its levels.

You collected 326 gold pieces.

Inventory:

Hand Weapons
 a - a +0 long sword (weapon)
Armour
 g - a +0 shield (worn)
 v - a +0 helmet (worn)
 y - a +0 pair of gloves (worn)
 B - a +0 chain mail (worn)
Jewellery
 l - a ring of positive energy (right hand)
 q - a +2 ring of strength (left hand)
 C - an uncursed ring of fire {unknown}
 D - an uncursed ring of see invisible {unknown}
 E - an uncursed ring of protection from magic {unknown}
Wands
 w - a wand of confusion (19/48)
Scrolls
 b - 3 scrolls of teleportation
 c - 2 scrolls of random uselessness {unknown}
 e - a scroll of fear {unknown}
 h - 3 scrolls of amnesia
 i - 4 scrolls of identify
 n - 3 scrolls of remove curse
 p - 2 scrolls of blinking {unknown}
 t - 2 scrolls of immolation
 x - 2 scrolls of magic mapping {unknown}
 A - a scroll of noise {unknown}
 H - a scroll of enchant weapon {unknown}
Potions
 k - a potion of degeneration {unknown}
 o - a potion of invisibility {unknown}
 r - 2 potions of agility {unknown}
 s - a potion of haste {unknown}
 u - 2 potions of berserk rage {unknown}
 z - a potion of curing {unknown}
 F - a potion of might
 G - a potion of heal wounds {unknown}
Comestibles
 d - a fruit
 f - 4 bread rations
 j - 3 royal jellies
 m - 3 meat rations


   Skills:
 + Level 4.6 Fighting
 - Level 8.0 Long Blades
 - Level 2.4 Armour
 + Level 4.5 Shields


You had 7 spell levels left.
You didn't know any spells.

Dungeon Overview and Level Annotations

Branches:
Dungeon (7/15)             Temple (1/1) D:5

Altars:
Ashenzari
Cheibriados
Elyvilon
Fedhas
Gozag
Kikubaaqudgha
Makhleb
Nemelex Xobeh
Okawaru
Qazlal
Ru
Sif Muna
Trog
Uskayaw
Vehumet
Yredelemnul
Zin
The Shining One


Innate Abilities, Weirdness & Mutations

You have razor-sharp teeth.
Your natural rate of healing is unusually fast.
When hurt, damage is shared between your health and your magic reserves.
Your bite disrupts and absorbs the magic of your enemies.
Potions cannot restore your health.
You are immune to rotting.


Message History

You hit the orc warrior but do no damage.
You bite the orc warrior, but do no damage.
The orc warrior is severely wounded.
You closely miss the orc warrior.
The orc warrior is severely wounded.
The orc warrior hits you with a dire flail!
* * * LOW HITPOINT WARNING * * *
You hit the orc warrior. You bite the orc warrior. You drain its power.
You feel invigorated.
The orc warrior is almost dead.
The orc warrior hits you with a dire flail!
* * * LOW HITPOINT WARNING * * *
You hit the orc warrior.
The orc warrior is almost dead.
You block the orc warrior's attack.
Okay, then.
You closely miss the orc warrior.
The orc warrior is almost dead.
The orc warrior hits you with a dire flail!
You die...

.. c. #. #.## #.# .o#
..# #....###### #o#
#.# #...@oc#####.##
#.#
#..###oo...#%.###.###
## #####...........
####........
#........ #...[....
#####.### #.### #....


You could see an orc warrior, a centaur, an orc priest and an orc.

Vanquished Creatures
  Sigmund (D:2)
  Duvessa (D:4)
  2 ogres (D:5)
  2 bullfrogs
  Dowan (D:4)
  2 scorpions
  A killer bee (D:5)
  A crimson imp (D:5)
  3 jellies
  3 orc wizards
  2 hounds
  2 centaur skeletons
  An iguana (D:5)
  3 worker ants
  A hound skeleton (D:6)
  2 howler monkey skeletons
  7 adders
  2 shadow imps
  An ooze (D:1)
  An adder zombie (D:5)
  4 worms
  A dart slug (D:1)
  2 leopard geckos
  15 orcs
  4 bats
  6 giant cockroaches
  9 goblins
  5 hobgoblins
  4 jackals (D:3)
  3 quokkas (D:3)
  A ball python (D:3)
  3 frilled lizards
  11 kobolds
  7 rats
114 creatures vanquished.

Notes
Turn   | Place    | Note
-------+----------+-------------------------------------------
     0 | D:1      | polve the Vine Stalker Fighter began the quest for the Orb.
     0 | D:1      | Reached XP level 1. HP: 11/11 MP: 2/2
    17 | D:1      | Reached skill level 2 in Long Blades
   116 | D:1      | Reached XP level 2. HP: 16/16 MP: 3/3
   525 | D:1      | Reached skill level 3 in Long Blades
   765 | D:1      | Reached XP level 3. HP: 17/19 MP: 4/4
  1482 | D:2      | Found a faded altar of an unknown god.
  1785 | D:2      | Noticed Sigmund
  1793 | D:2      | Killed Sigmund
  1793 | D:2      | Reached skill level 5 in Long Blades
  1793 | D:2      | Gained mutation: Your natural rate of healing is unusually fast. [Vine Stalker growth]
  1793 | D:2      | Reached XP level 4. HP: 18/23 MP: 5/5
  1793 | D:2      | Reached XP level 5. HP: 21/27 MP: 6/6
  2221 | D:3      | Reached XP level 6. HP: 11/32 MP: 5/7
  2300 | D:3      | Found a bloodstained altar of Trog.
  2545 | D:3      | Reached skill level 6 in Long Blades
  2773 | D:4      | Noticed Duvessa
  2774 | D:4      | Noticed Dowan
  2781 | D:4      | Killed Duvessa
  2784 | D:4      | Reached XP level 7. HP: 25/35 MP: 8/8
  2790 | D:4      | Killed Dowan
  2910 | D:4      | Reached skill level 7 in Long Blades
  2912 | D:4      | Got a jewelled leather armour
  2923 | D:4      | Identified the +0 leather armour "Goologub" {MR+ Dex+5} (You found it on level 4 of the Dungeon)
  3633 | D:5      | Entered Level 5 of the Dungeon
  3661 | D:5      | Found a staircase to the Ecumenical Temple.
  3673 | Temple   | Entered the Ecumenical Temple
  3778 | Temple   | Became a worshipper of Uskayaw the Reveler
  3843 | D:5      | Reached * piety under Uskayaw
  3935 | D:5      | Reached ** piety under Uskayaw
  4320 | D:5      | Reached skill level 8 in Long Blades
  4387 | D:5      | Gained mutation: You have razor-sharp teeth. [Vine Stalker growth]
  4387 | D:5      | Reached XP level 8. HP: 22/40 MP: 5/9
  4792 | D:6      | Found a snail-covered altar of Cheibriados.
  5538 | D:7      | Reached *** piety under Uskayaw
  5582 | D:7      | HP: 2/42 [orc warrior/dire flail (11)]
  5584 | D:7      | Mangled by an orc warrior

Skill      XL: |  1  2  3  4  5  6  7  8 |
---------------+-------------------------+-----
Long Blades    | 2 3 5 6 8 |  8.0
Fighting       | 3 4 |  4.6
Shields        | 3 4 |  4.5
Armour         | |  2.4

Action                   |  1- 3 |  4- 6 |  7- 9 || total
-------------------------+-------+-------+-------++-------
Melee: Long sword        |    87 |   100 |   190 ||   377
       Bite              |    19 |    34 |    81 ||   134
  Use: Scroll            |       |     1 |     3 ||     4
       Potion            |       |     1 |       ||     1
 Stab: Paralysed         |       |       |     1 ||     1
  Eat: Chunk             |     2 |     4 |     9 ||    15
Armor: Scale mail        |    34 |    32 |       ||    66
       Chain mail        |       |    28 |    77 ||   105
       Leather armour    |       |       |     9 ||     9
Dodge: Dodged            |    17 |    30 |    31 ||    78
Block: Shield            |    49 |    58 |    93 ||   200
       Rpst.: Long sword |     3 |     7 |    12 ||    22
